 Dungeon Crawl Stone Soup version 0.28.0 (webtiles) character file.

Game seed: 10273036877667380852

35 crazypyro the Shield-Bearer (level 3, -4/33 HPs)
             Began as a Minotaur Fighter on Feb 4, 2022.
             Slain by a black bear (6 damage)
             ... on level 2 of the Dungeon.
             The game lasted 00:01:25 (1068 turns).

crazypyro the Shield-Bearer (Minotaur Fighter)      Turns: 1068, Time: 00:01:26

Health: -4/33      AC:  7    Str: 22    XL:     3   Next: 17%
Magic:  2/2        EV:  9    Int:  5    God:
Gold:   14         SH:  4    Dex:  9    Spells: 2/2 levels left

rFire   . . .      SeeInvis .   a - +0 war axe
rCold   . . .      Faith    .   c - +0 buckler
rNeg    . . .      Spirit   .   b - +0 scale mail
rPois   .          Reflect  .   (helmet restricted)
rElec   .          Harm     .   (no cloak)
rCorr   .          Rampage  .   (no gloves)
Will    .....                   (no boots)
Stlth   ..........              (no amulet)
HPRegen 0.11/turn               (no ring)
MPRegen 0.08/turn               (no ring)

@: mighty
A: horns 2, retaliatory headbutt
a: no special abilities


You were on level 2 of the Dungeon.
You visited 1 branch of the dungeon, and saw 2 of its levels.

You collected 14 gold pieces.

Inventory:

Hand Weapons
 a - a +0 war axe (weapon)
Armour
 b - a +0 scale mail (worn)
 c - a +0 buckler (worn)
Scrolls
 e - a scroll of teleportation {unknown}
 f - a scroll of identify {unknown}
Potions
 g - a potion of haste {unknown}


   Skills:
 + Level 4.0 Fighting
 * Level 3.3 Axes
 + Level 4.0 Armour
 + Level 4.0 Shields


You had 2 spell levels left.
You didn't know any spells.
Your spell library was empty.

Dungeon Overview and Level Annotations

Branches:
Dungeon (2/15)

Altars:


Innate Abilities, Weirdness & Mutations

You have a pair of horns on your head.
You reflexively headbutt those who attack you in melee.


Message History

The black bear is lightly wounded.
The black bear closely misses you. The black bear claws you.
The black bear completely misses you.
You barely miss the black bear.
The black bear is lightly wounded.
The black bear bites you. The black bear claws you.
The black bear claws you but does no damage.
The black bear bites you. The black bear closely misses you.
The black bear claws you but does no damage.
You barely miss the black bear. Your headbutt misses the black bear.
The black bear bites you!
* * * LOW HITPOINT WARNING * * *
The black bear barely misses you. x2
There is a stone staircase leading down here.
Found a scroll labelled OWIECO AMURE.
The black bear misses you. The black bear closely misses you.
The black bear claws you but does no damage.
You feel very mighty all of a sudden.
The black bear barely misses you. x2; The black bear claws you.
You slash the black bear! Your headbutt misses the black bear.
The black bear is severely wounded.
You slash the plant!
The plant begins to die.
The black bear bites you.
* * * LOW HITPOINT WARNING * * *
You block the black bear's attack. The black bear claws you.
* * * LOW HITPOINT WARNING * * *
You closely miss the black bear.
The black bear is severely wounded.
You slash the plant! The black bear bites you.
* * * LOW HITPOINT WARNING * * *
The black bear claws you.
* * * LOW HITPOINT WARNING * * *
You block the black bear's attack.
You closely miss the black bear.
The black bear is severely wounded.
You slash the plant!
A nearby plant withers and dies.
The black bear bites you.
* * * LOW HITPOINT WARNING * * *
The black bear barely misses you.
The black bear claws you but does no damage.
The black bear bites you.
You die...

. . ... ...# ..?. #####
#... ###...### #...
#...h...# ##..
#♣.P.@..# #...
#.8.....# #...
#####.########+### #...
#...P............8 #...
###.....P.....P..###...
#####.8....######.#..
###..#######.....
#..#...........
#....###......>


You could see a black bear.

Vanquished Creatures
  2 bats
  6 endoplasms
  3 goblins
  6 hobgoblins
  3 jackals (D:1)
  A kobold (D:1)
  A quokka (D:2)
  4 ball pythons
  A frilled lizard (D:1)
  2 rats (D:1)
29 creatures vanquished.

Vanquished Creatures (others)
  A plant (D:2)
1 creature vanquished.

Grand Total: 30 creatures vanquished

Notes
Turn   | Place    | Note
-------+----------+-------------------------------------------
     0 | D:1      | crazypyro the Minotaur Fighter began the quest for the Orb.
     0 | D:1      | Reached XP level 1. HP: 19/19 MP: 0/0
   169 | D:1      | Reached XP level 2. HP: 27/27 MP: 1/1
   872 | D:2      | Reached XP level 3. HP: 33/33 MP: 2/2
  1001 | D:2      | Noticed a black bear
  1068 | D:2      | Slain by a black bear

Illustrated notes

Levels and vault maps discovered:
D:1:      lemuel_arrival_funnel, layout_basic
D:2:      layout_rooms, chequers_ecumenical_altar_lobes

Skill      XL: |  1  2  3 |
---------------+----------+-----
Axes           | 3 |  3.3
Armour         | 4 |  4.0
Shields        | 4 |  4.0
Fighting       | 4 |  4.0

Action                   || total
-------------------------++-------
Melee: War axe           ||    63
       Headbutt          ||     6
  Use: Potion            ||     1
Armor: Scale mail        ||    30
Dodge: Dodged            ||    43
Block: Buckler           ||    18
